 Dungeon Crawl Stone Soup version 0.18-a0-1468-gaf180a1 (webtiles) character file.

29720 namelastname112 the Black Belt (level 13, -4/119 HPs)
             Began as a Black Draconian Monk on Mar 1, 2016.
             Was an Elder of Dithmenos.
             Killed from afar by an ice dragon (35 damage)
             ... with a blast of cold
             ... on level 14 of the Dungeon.
             The game lasted 00:42:29 (14739 turns).

namelastname112 the Black Belt (DrMo)              Turns: 14739, Time: 00:42:30

Health: -4/119     AC: 12    Str: 13    XL:     13   Next: 16%
Magic:  14/14      EV: 26    Int: 11    God:    Dithmenos [****..]
Gold:   677        SH:  0    Dex: 19    Spells: 1 memorised, 8 levels left

rFire  . . .     SeeInvis .       - Unarmed
rCold  . . .     Gourm    .     (armour unavailable)
rNeg   . . .     Faith    .     (no shield)
rPois  .         Spirit   .     (helmet restricted)
rElec  +         Dismiss  .     p - +2 cloak {MR+}
rCorr  .         Reflect  .     S - +0 pair of gloves
SustAt .         Harm     .     (no boots)
MR     +....                    r - amulet of regeneration
Stlth  +++.......               (no ring)
                                B - +5 ring of evasion

@: wreathed by umbra, somewhat resistant to hostile enchantments, fairly
stealthy
A: breathe lightning, unfitting armour, mutation resistance 1, electricity
resistance, cold-blooded, AC +8
a: Breathe Lightning, Shadow Step, Renounce Religion


You were on level 14 of the Dungeon.
You worshipped Dithmenos.
Dithmenos was greatly pleased with you.
You were not hungry.

You visited 2 branches of the dungeon, and saw 15 of its levels.
You also visited: Labyrinth and Sewer.

You collected 767 gold pieces.
You spent 90 gold pieces at shops.

Inventory:

Missiles
 o - 11 curare-tipped needles
 G - 6 poisoned javelins (quivered)
Armour
 p - a +2 cloak of magic resistance (worn)
 S - a +0 pair of gloves (worn)
Magical Staves
 M - an uncursed staff of wizardry
Jewellery
 e - an uncursed amulet of dismissal {unknown}
 r - an amulet of regeneration (around neck)
 B - a +5 ring of evasion (left hand)
 F - an uncursed ring of protection from magic
 H - an uncursed ring of see invisible
 J - an uncursed ring of poison resistance
 O - an uncursed ring of resist corrosion
Wands
 w - a wand of acid (0/15)
 Q - a wand of iceblast (0/15)
 R - a wand of iceblast (0/15)
 X - a wand of iceblast (4/15)
Scrolls
 f - a scroll of recharging
 g - 8 scrolls of remove curse
 h - 3 scrolls of amnesia
 m - 2 scrolls of fog
 x - 4 scrolls of enchant armour
 E - 3 scrolls of magic mapping
 I - 2 scrolls of enchant weapon
 L - 2 scrolls of teleportation
Potions
 c - 2 potions of might
 k - 3 potions of degeneration
 n - a potion of cancellation
 u - a potion of cure mutation
 v - a potion of berserk rage
 z - 2 potions of brilliance
 C - 3 potions of flight
 K - a potion of agility
Books
 b - a book of the Sky

   Spells                             Type                      Level
   a - Summon Lightning Spire         Summoning/Air                4
   b - Airstrike                      Air                          4
   c - Silence                        Hexes/Air                    5
   d - Deflect Missiles               Charms/Air                   6
   e - Conjure Ball Lightning         Conjuration/Air              6
   f - Tornado                        Air                          9
 d - a book of Necromancy

   Spells                             Type                      Level
   a - Pain                           Necromancy                   1
   b - Animate Skeleton               Necromancy                   1
   c - Vampiric Draining              Necromancy                   3
   d - Regeneration                   Charms/Necromancy            3
   e - Animate Dead                   Necromancy                   4
   f - Control Undead                 Necromancy                   4
 i - a book of Battle

   Spells                             Type                      Level
   a - Infusion                       Charms                       1
   b - Shroud of Golubria             Charms/Translocation         2
   c - Song of Slaying                Charms                       2
   d - Spectral Weapon                Hexes/Charms                 3
   e - Regeneration                   Charms/Necromancy            3
 q - a book of Power

   Spells                             Type                      Level
   a - Fulminant Prism                Conjuration/Hexes            4
   b - Iskenderun's Mystic Blast      Conjuration                  4
   c - Venom Bolt                     Conjuration/Poison           5
   d - Bolt of Magma                  Conjuration/Fire/Earth       5
   e - Iron Shot                      Conjuration/Earth            6
   f - Orb of Destruction             Conjuration                  7
   g - Spellforged Servitor           Conjuration/Summoning        7
 s - a book of Changes

   Spells                             Type                      Level
   a - Beastly Appendage              Transmutation                1
   b - Sticks to Snakes               Transmutation                2
   c - Spider Form                    Transmutation/Poison         3
   d - Ice Form                       Ice/Transmutation            4
   e - Blade Hands                    Transmutation                5
 y - a book of Callings

   Spells                             Type                      Level
   a - Summon Small Mammal            Summoning                    1
   b - Call Imp                       Summoning                    2
   c - Call Canine Familiar           Summoning                    3
   d - Summon Guardian Golem          Hexes/Summoning              3
   e - Summon Lightning Spire         Summoning/Air                4
   f - Summon Ice Beast               Ice/Summoning                4
 P - a book of Conjurations

   Spells                             Type                      Level
   a - Magic Dart                     Conjuration                  1
   b - Searing Ray                    Conjuration                  2
   c - Dazzling Spray                 Conjuration/Hexes            3
   d - Fulminant Prism                Conjuration/Hexes            4
   e - Iskenderun's Mystic Blast      Conjuration                  4
   f - Iskenderun's Battlesphere      Conjuration/Charms           5
 U - a book of Death

   Spells                             Type                      Level
   a - Corpse Rot                     Necromancy                   2
   b - Sublimation of Blood           Necromancy                   2
   c - Agony                          Necromancy                   5
   d - Dispel Undead                  Necromancy                   5
   e - Excruciating Wounds            Charms/Necromancy            5
   f - Bolt of Draining               Conjuration/Necromancy       5
 W - a book of Frost

   Spells                             Type                      Level
   a - Freeze                         Ice                          1
   b - Throw Frost                    Conjuration/Ice              2
   c - Ozocubu's Armour               Charms/Ice                   3
   d - Throw Icicle                   Conjuration/Ice              4
   e - Summon Ice Beast               Ice/Summoning                4
 Z - Ekykov's Reference Book on Curses
   (You found it in a labyrinth)

   Spells                             Type                      Level
   a - Dazzling Spray                 Conjuration/Hexes            3
   b - Confuse                        Hexes                        3
   c - Gell's Gravitas                Hexes/Translocation          3
   d - Summon Mana Viper              Hexes/Summoning              5
   e - Invisibility                   Hexes                        6
Comestibles
 a - 7 bread rations
 l - 9 slices of pizza
 t - 5 meat rations
 A - 3 beef jerkies
 N - a fruit


   Skills:
 - Level 12.5 Fighting
 - Level 10.8 Dodging
 - Level 1.7 Stealth
 - Level 15.6 Unarmed Combat
 + Level 0.6 Spellcasting
 + Level 1.0 Transmutations


You had 8 spell levels left.
You knew the following spells:

 Your Spells              Type           Power        Failure   Level  Hunger
a - Blade Hands           Trmt           #.........   100%        5    ######.


Dungeon Overview and Level Annotations

Branches:
Dungeon (14/15)            Temple (1/1) D:5            Lair (0/8) D:10
    Orc (0/2) D:12         Vaults (0/5) D:14

Altars:
Ashenzari
Cheibriados
Dithmenos
Elyvilon
Fedhas
Gozag
Kikubaaqudgha
Makhleb
Nemelex Xobeh
Okawaru
Pakellas
Qazlal
Ru
Sif Muna
Trog
Vehumet
Xom
Yredelemnul
Zin
The Shining One

Shops:
D:4 ?   D:6 ?   D:12 ([

Annotations:
D:14 exclusion: obsidian statue


Innate Abilities, Weirdness & Mutations

You can breathe wild blasts of lightning.
Your glossy black scales are hard (AC +8).
Your body does not fit into most forms of armour.
You are resistant to electric shocks.
You are cold-blooded and may be slowed by cold attacks.
You are somewhat resistant to further mutation.


Message History

You hit the ice dragon.
You tail-slap the ice dragon, but do no damage.
The ice dragon is almost dead.
The ice dragon breathes frost at you. The blast of cold hits you!
You emit a cloud of dark smoke.
You punch the ice dragon!
The ice dragon is almost dead.
The ice dragon bites you but does no damage.
The ice dragon closely misses you. The ice dragon tramples you!
* * * LOW HITPOINT WARNING * * *
You stumble backwards!
Evoke which item? (* to show all) (? for menu, Esc to quit)
Zapping:
w - a wand of acid {zapped: 5} (will waste charges)
Press: ? - help, Shift-Dir - straight line, f - ice dragon
Aim: an ice dragon (black smoke, almost dead, umbra)
The bolt of acid misses the ice dragon.
Evoking this partially-identified wand wasted a few charges.
The ice dragon breathes frost at you. The blast of cold hits you!
You die...

. .... ......... .. #..#
#......... ...
#..###.........
...#.............
..............
#############..§.§....#
.............§.§§....†#
######.#####§§D§§....#
#######.#####§§§@§....#
..(.......)...§§#§#...#
.######.#####..##.##..##
.#...##.#####..(#∩#..(.#
.#...#......'..##.##...##
.#...#......#...#.#.....#.#.#
.)...'......#...........#...#
.#...###+####...........#...#
.#....................#.#.#.#


You could see an ice dragon.

Vanquished Creatures
  A storm dragon (D:12)
  A minotaur (Lab)
  3 hydras (D:13)
  2 centaur warriors
  2 dancing weapons (D:14)
  A skeletal warrior (D:12)
  An unseen horror (D:13)
  3 hill giants
  A deep elf mage (D:13)
  2 ugly things (D:12)
  2 wizards
  4 manticores
  An elephant (D:10)
  A cyclops (D:12)
  A centaur zombie (D:12)
  A gargoyle (D:13)
  A yaktaur (D:12)
  A komodo dragon (D:10)
  An efreet (D:14)
  A minotaur zombie (Lab)
  4 trolls
  4 two-headed ogres
  A boulder beetle (D:12)
  6 slime creatures
  A vampire (D:11)
  3 redbacks (Lab)
  A wraith (D:12)
  Eustachio (D:6)
  A human (D:6)
  12 yaks
  4 hungry ghosts
  A hippogriff (D:11)
  A steam dragon (D:13)
  A vampire mosquito (D:13)
  A naga (D:13)
  A mottled dragon (D:12)
  Edmund (D:6)
  2 water moccasins
  6 orc warriors
  A sky beast (D:6)
  4 ice beasts
  4 phantoms
  An eye of draining (D:9)
  2 necrophages
  3 ogres
  8 centaurs
  2 crocodiles (D:10)
  3 big kobolds
  10 giant frogs
  A water moccasin zombie (D:8)
  3 scorpions
  18 killer bees
  A water moccasin skeleton (D:5)
  14 wights
  2 howler monkeys
  10 crimson imps
  A quasit (D:7)
  2 jellies
  2 giant frog skeletons
  5 orc priests
  7 hounds
  10 orc wizards
  4 centaur skeletons
  5 iguanas
  8 worker ants
  A killer bee zombie (D:8)
  2 sheep (D:7)
  A hound zombie (D:7)
  2 hound skeletons
  A howler monkey zombie (D:9)
  2 worker ant zombies
  12 gnolls
  17 adders
  2 shadow imps (D:7)
  3 oozes
  3 adder skeletons
  An adder zombie (D:9)
  3 worms
  2 dart slugs
  10 giant geckos
  37 orcs
  A ball python (D:5)
  9 giant cockroaches
  6 goblins
  8 hobgoblins
  7 jackals
  19 kobolds
  8 quokkas
  7 bats
  A giant gecko skeleton (D:6)
  A giant newt (D:3)
  A jackal skeleton (D:5)
  10 rats
391 creatures vanquished.

Vanquished Creatures (others)
  A scorpion (D:12)
1 creature vanquished.

Grand Total: 392 creatures vanquished

Notes
Turn   | Place    | Note
--------------------------------------------------------------
     0 | D:1      | namelastname112 the Draconian Monk began the quest for the Orb.
     0 | D:1      | Reached XP level 1. HP: 19/19 MP: 1/1
   211 | D:1      | Reached XP level 2. HP: 23/26 MP: 2/2
   638 | D:2      | Reached skill level 5 in Unarmed Combat
   638 | D:2      | Reached XP level 3. HP: 29/31 MP: 3/3
  1042 | D:2      | Reached XP level 4. HP: 13/38 MP: 4/4
  1344 | D:2      | Reached skill level 6 in Unarmed Combat
  1676 | D:3      | Reached XP level 5. HP: 37/45 MP: 5/5
  1812 | D:3      | Found a shimmering altar of Xom.
  2096 | D:3      | Reached skill level 7 in Unarmed Combat
  2103 | D:3      | Found an ancient bone altar of Kikubaaqudgha.
  2240 | D:4      | Reached XP level 6. HP: 49/51 MP: 6/6
  2290 | D:4      | Found Pyntonkocul's Magic Scroll Shoppe.
  2293 | D:4      | Bought a scroll of blinking for 90 gold pieces
  3280 | D:5      | Entered Level 5 of the Dungeon
  3422 | D:5      | Reached skill level 8 in Unarmed Combat
  3510 | D:5      | Found a glowing drain.
  3528 | Sewer    | Entered a sewer
  3688 | Sewer    | Your scales start taking on a glossy black colour.
  3688 | Sewer    | Reached XP level 7. HP: 57/57 MP: 7/7
  3688 | Sewer    | Gained mutation: You are resistant to electric shocks. [Black Draconian growth]
  3745 | Sewer    | Found a white marble altar of Elyvilon.
  4220 | D:5      | Reached skill level 9 in Unarmed Combat
  4423 | D:5      | Found a staircase to the Ecumenical Temple.
  4438 | Temple   | Entered the Ecumenical Temple
  4926 | D:6      | Reached skill level 10 in Unarmed Combat
  4926 | D:6      | Reached XP level 8. HP: 60/63 MP: 8/8
  4930 | D:6      | Gained mutation: You are dopey. (Int -2) [mutagenic meat]
  4962 | D:6      | Found a glowing golden altar of the Shining One.
  5043 | D:6      | Found a radiant altar of Vehumet.
  5316 | D:6      | Noticed Edmund
  5346 | D:6      | Killed Edmund
  5346 | D:6      | Reached skill level 11 in Unarmed Combat
  5477 | D:6      | Found Waheck's Magic Scroll Boutique.
  5480 | D:6      | Noticed Eustachio
  5495 | D:6      | Killed Eustachio
  5693 | D:6      | Reached skill level 12 in Unarmed Combat
  6053 | D:7      | Reached XP level 9. HP: 70/70 MP: 9/9
  6354 | D:7      | xeno23: Donald holds up a torch and says, "I bet you miss these."
  6367 | D:7      | Found a sacrificial altar of Ru.
  6382 | D:7      | xeno23: Donald says, "I'll bet you have a pretty dark future."
  6382 | D:7      | namelastname112: лол
  6382 | D:7      | namelastname112: да
  6382 | D:7      | namelastname112: он тралит
  6382 | D:7      | xeno23: вот это он тралл
  6382 | D:7      | namelastname112: вот бля
  6382 | D:7      | namelastname112: его пиздец прописали
  6382 | D:7      | namelastname112: он место учитывает
  6382 | D:7      | namelastname112: бога
  6382 | D:7      | namelastname112: и расу
  6382 | D:7      | xeno23: угу
  6382 | D:7      | xeno23: _Donald says, "Those krakens don't even look real."
  6382 | D:7      | namelastname112: ты его че там
  6382 | D:7      | namelastname112: кайтишь просто
  6382 | D:7      | namelastname112: чебы послушать
  6460 | D:7      | xeno23: ну да
  6947 | D:8      | Identified a +1 rod of ignition (10/10) (You found it on level 8 of the Dungeon)
  7113 | D:8      | Reached skill level 5 in Fighting
  7130 | D:8      | Noticed a centaur warrior
  7141 | D:8      | xeno23: странно
  7153 | D:8      | Killed a centaur warrior
  7167 | D:8      | xeno23: он по глубокой воде ходит
  7168 | D:8      | namelastname112: ну
  7168 | D:8      | xeno23: не знал даже
  7168 | D:8      | namelastname112: он плавать умеет
  7168 | D:8      | namelastname112: лол
  7168 | D:8      | xeno23: дональд дак
  7184 | D:8      | xeno23: хм
  7185 | D:8      | xeno23: на что ты надеешься?
  7185 | D:8      | xeno23: тебе пиздец
  7204 | D:8      | xeno23: теле ищи
  7204 | D:8      | Reached skill level 5 in Dodging
  7526 | D:8      | Reached XP level 10. HP: 66/83 MP: 10/10
  7686 | D:8      | Reached skill level 13 in Unarmed Combat
  7953 | D:8      | xeno23: Donald says, "Are sirens supposed to sound like that? I can sing better than that!"
  7959 | D:8      | xeno23: у меня там вообще был веселый этаж
  7962 | D:8      | xeno23: кирке, дональд и мара
  7962 | D:8      | Gained mutation: You have an increased reservoir of magic (+10% MP). [potion of mutation]
  7962 | D:8      | Gained mutation: You are somewhat resistant to further mutation. [potion of mutation]
  7965 | D:8      | xeno23: еле вычистил
  7965 | D:8      | namelastname112: сука
  7965 | D:8      | namelastname112: ненавижу резист ловить
  7965 | D:8      | namelastname112: такая хуйня
  8025 | D:9      | Found a shadowy altar of Dithmenos.
  8035 | D:9      | Found a snail-covered altar of Cheibriados.
  8230 | D:9      | Found a stormy altar of Qazlal.
  8542 | D:9      | Learned a level 5 spell: Blade Hands
  8662 | D:10     | Entered Level 10 of the Dungeon
  8815 | D:10     | Noticed an elephant
  8858 | D:9      | Became a worshipper of Dithmenos the Shadowed
  8858 | D:9      | Reached * piety under Dithmenos
  8858 | D:9      | Reached ** piety under Dithmenos
  8913 | D:10     | Killed an elephant
  9056 | D:10     | Found a staircase to the Lair.
  9205 | D:10     | Noticed a hill giant
  9216 | D:10     | Killed a hill giant
  9216 | D:10     | Reached XP level 11. HP: 33/95 MP: 12/12
  9789 | D:11     | Found a snail-covered altar of Cheibriados.
  9910 | D:11     | Reached *** piety under Dithmenos
 10067 | D:11     | Reached skill level 14 in Unarmed Combat
 10142 | D:12     | Found Buihupt's Weapon Boutique.
 10144 | D:12     | Found a staircase to the Orcish Mines.
 10244 | D:12     | Found Costrargh's Armour Boutique.
 10319 | D:12     | Noticed a green ugly thing
 10394 | D:12     | Killed a green ugly thing
 10405 | D:12     | Noticed a hill giant
 10420 | D:12     | Killed a hill giant
 10610 | D:12     | Reached skill level 10 in Fighting
 10816 | D:12     | Noticed a tengu reaver
 10823 | D:12     | Noticed a wizard
 10828 | D:12     | Noticed a storm dragon
 11002 | D:12     | Noticed a green ugly thing
 11016 | D:12     | Killed a green ugly thing
 11080 | D:12     | Found an opulent altar of Gozag.
 11219 | D:12     | Killed a storm dragon
 11223 | D:12     | Killed a wizard
 11223 | D:12     | Reached XP level 12. HP: 104/108 MP: 13/13
 11488 | D:12     | xeno23: а вот кстати
 11508 | D:12     | xeno23: меня же если поймают в сеть над водой
 11509 | D:12     | xeno23: я не упаду ?
 11518 | D:12     | namelastname112: неа
 11518 | D:12     | namelastname112: живой будешь
 11518 | D:12     | namelastname112: хотя казалось бы, да?
 11646 | D:11     | Reached **** piety under Dithmenos
 12115 | D:12     | Lost mutation: You are dopey. (Int -2) [helix card]
 12374 | D:13     | Found a labyrinth entrance.
 12374 | D:13     | Noticed a five-headed hydra
 12381 | Lab      | Entered a labyrinth
 12628 | Lab      | Noticed a minotaur
 12637 | Lab      | Killed a minotaur
 12637 | Lab      | Reached skill level 15 in Unarmed Combat
 12640 | Lab      | Identified Ekykov's Reference Book on Curses
 12724 | D:13     | Killed a five-headed hydra
 12752 | D:13     | xeno23: ну
 12752 | D:13     | xeno23: может сетка крылья не запутывает
 12752 | D:13     | xeno23: ебать меня бусят шолсы 4
 12752 | D:13     | xeno23: пиздюки с луками, жавелинами и демон тридентами
 12752 | D:13     | namelastname112: да
 12752 | D:13     | namelastname112: там вообще адуха
 12752 | D:13     | namelastname112: постоянно
 12904 | D:13     | Reached skill level 10 in Dodging
 12975 | D:13     | Lost mutation: You have an increased reservoir of magic (+10% MP). [helix card]
 13292 | D:13     | Noticed a centaur warrior
 13303 | D:13     | Killed a centaur warrior
 13443 | D:13     | Noticed an eight-headed hydra
 13460 | D:13     | Killed an eight-headed hydra
 13980 | D:14     | Noticed a seven-headed hydra
 14008 | D:13     | Killed a seven-headed hydra
 14064 | D:14     | Reached XP level 13. HP: 117/119 MP: 13/13
 14085 | D:14     | Found a gate to the Vaults.
 14711 | D:14     | Reached skill level 1 in Transmutations
 14739 | D:14     | Killed from afar by an ice dragon

Vault maps used:
D:1:      dpeg_arrival_rooms_c, st_stairs_1
D:3:      lemuel_doored_altar, nicolae_overflow_crystal_walls, serial_curves,
          eino_curves_02, eino_curves_04, first_bread
D:4:      serial_shops, nicolae_shop_competitors_out_of_business
D:5:      minmay_temple_entry_purple_smoke, portal_sewer_entry_f
D:6:      lemuel_round_altar, nicolae_tso_swordbearing_angel, serial_shops,
          shop, uniq_edmund, uniq_eustachio
D:7:      nicolae_ru_sacrificial_ziggurat, grunt_livestock
D:8:      minmay_pinched_square
D:9:      lemuel_crystal_altar, nicolae_overflow_hidden_temple
D:10:     david_lair_generic, hangedman_decor_opposing
D:11:     basic_altar
D:12:     minmay_outward_triangles, orc_david_3, grunt_gozag_statues
D:13:     lab_entry_generic
D:14:     erik_vaults_1, hangedman_decor_lopped, minmay_statue_bubble
Temple:   circular_temple_12
Lab:      labyrinth_hidden_loot, nicolae_lab_plus, nicolae_lab_hexagon
Sewer:    sewer_kobolds

Skill      XL: |  1  2  3  4  5  6  7  8  9 10 11 12 13 |
---------------+----------------------------------------+-----
Unarmed Combat | 5 6 7 8 10 12 13 14 15 | 15.6
Dodging        | 5 7 9 10 | 10.8
Fighting       | 6 8 10 12 | 12.5
Transmutations | 1 |  1.0
Stealth        | |  1.7
Spellcasting   | |  0.6

Action                   |  1- 3 |  4- 6 |  7- 9 | 10-12 | 13-15 || total
-------------------------+-------+-------+-------+-------+-------++-------
Melee: Unarmed           |    89 |   242 |   378 |   900 |    96 ||  1705
Throw: Javelin           |     1 |    14 |     8 |     1 |       ||    24
 Abil: Breathe Lightning |       |       |     6 |    15 |     1 ||    22
Evoke: Rod               |       |       |     1 |       |       ||     1
       Deck              |       |       |       |    17 |       ||    17
       Wand              |       |       |       |     8 |     2 ||    10
  Use: Potion            |       |     3 |     4 |     4 |     4 ||    15
       Scroll            |       |       |     2 |    30 |     1 ||    33
 Stab: Sleeping          |     2 |     6 |     4 |    11 |       ||    23
       Distracted        |       |     1 |     1 |     1 |       ||     3
  Eat: Chunk             |       |     7 |    13 |    19 |       ||    39
       Beef jerky        |       |     1 |     1 |       |       ||     2
       Meat ration       |       |       |     1 |       |     1 ||     2
       Fruit             |       |       |       |     4 |     1 ||     5
       Royal jelly       |       |       |       |     1 |       ||     1
